 Dungeon Crawl Stone Soup version 0.17.0-24-gcfadda4 (console) character file.

35 gw the Cudgeler (level 3, -5/22 HPs)
             Began as a Gargoyle Gladiator on Nov 15, 2015.
             Slain by a gnoll
             ... wielding a +0 halberd
              (7 damage)
             ... on level 2 of the Dungeon.
             The game lasted 00:00:44 (1149 turns).

gw the Cudgeler (Gargoyle Gladiator)                Turns: 1149, Time: 00:00:44

Health: -5/22      AC: 12    Str: 18    XL:     3   Next: 35%
Magic:  3/3        EV:  7    Int:  8    God:
Gold:   52         SH:  0    Dex: 11    Spells: 0 memorised, 2 levels left

rFire  . . .     SeeInvis .     a - +0 flail
rCold  . . .     Clarity  .     h - +0 chain mail
rNeg   + . .     SustAt   .     (no shield)
rPois  ∞         Gourm    .     c - +0 helmet
rElec  +         Spirit   .     (no cloak)
rCorr  .         Warding  .     (no gloves)
rMut   .         Stasis   .     (no boots)
MR     .....                    (no amulet)
Stlth  ..........               (no ring)
                                (no ring)

@: not resistant to hostile enchantments, extremely unstealthy
A: negative energy resistance 1, electricity resistance, unbreathing,
petrification resistance, rot immunity, AC +3
a: no special abilities


You were on level 2 of the Dungeon.
You were not hungry.

You visited 1 branch of the dungeon, and saw 2 of its levels.

You collected 52 gold pieces.

Inventory:

Hand Weapons
 a - a +0 flail (weapon)
Missiles
 d - 3 throwing nets
 l - 15 stones (quivered)
Armour
 c - a +0 helmet (worn)
 h - a +0 chain mail (worn)
Scrolls
 k - 2 scrolls of blinking
Comestibles
 e - a bread ration


   Skills:
 + Level 2.7 Fighting
 * Level 3.8 Maces & Flails
 + Level 2.0 Throwing
 + Level 0.4 Armour
 - Level 2.4 Dodging


You had 2 spell levels left.
You didn't know any spells.

Dungeon Overview and Level Annotations

Branches:
Dungeon (2/15)

Altars:


Innate Abilities, Weirdness & Mutations

You are resistant to torment.
Your stone body is resilient (AC +3).
You are immune to poison.
You resist negative energy.
You are resistant to electric shocks.
You can survive without breathing.
You are immune to petrification.
You are immune to rotting.


Message History

The gnoll is almost dead.
The gnoll barely misses you.
The gnoll hits you from afar with a spear.
ATTACK MOVE TO (-1,0)
You hit the gnoll.
You kill the gnoll!
The gnoll closely misses you.
ATTACK MOVE TO (-1,0)
The gnoll hits you but does no damage.
The gnoll hits you from afar with a halberd.
The gnoll hits you but does no damage.
ATTACK MOVE TO (-1,0)
You barely miss the gnoll. The gnoll hits you but does no damage.
The gnoll barely misses you. The gnoll hits you but does no damage.
The gnoll hits you but does no damage.
ATTACK MOVE TO (-1,0)
You hit the gnoll.
The gnoll is heavily wounded.
The gnoll hits you from afar with a halberd!
You die...

##+## ##...## #
##.<...## #.##.
##.......#
#.$...####.........#
.....gg9.'.........+
###..g####.........#
#.. ##.......## ##
##.....## ##...##
#+##


You could see 3 gnolls.

Table legend:
 A = Turns spent in this place as a percentage of turns spent in the entire game.
 B = Non-inter-level travel turns spent in this place as a percentage of non-inter-level travel turns spent in the entire game.
 C = Inter-level travel turns spent in this place as a percentage of turns spent in this place.
 D = Turns resting spent in this place as a percentage of non-inter-level travel turns spent in this place.
 E = Turns spent auto-exploring this place as a percentage of non-inter-level travel turns spent in this place.
 F = Non-inter-level travel turns spent in this place divided by the number of levels of this place that you've seen.
                   A       B       C       D       E      F
               +-------+-------+-------+-------+-------+----------------------
         Total | 100.0 | 100.0 |   0.2 |   0.8 |   2.7 | 865.0
       Dungeon | 100.0 | 100.0 |   0.2 |   0.8 |   2.7 | 865.0
               +-------+-------+-------+-------+-------+----------------------

Table legend:
 A = Kills in this place as a percentage of kills in entire the game.
 B = Kills by you in this place as a percentage of kills by you in the entire game.
 C = Kills by friends in this place as a percentage of kills by friends in the entire game.
 D = Other kills in this place as a percentage of other kills in the entire game.
 E = Experience gained in this place as a percentage of experience gained in the entire game.
 F = Experience gained in this place divided by the number of levels of this place that you have seen.
                   A       B       C       D       E      F
               +-------+-------+-------+-------+-------+----------------------
         Total | 100.0 | 100.0 |  -nan |  -nan | 100.0 |  25.5
       Dungeon | 100.0 | 100.0 |  -nan |  -nan | 100.0 |  25.5
               +-------+-------+-------+-------+-------+----------------------

Vanquished Creatures
  A gnoll (D:2)
  2 giant geckos (D:1)
  A ball python (D:1)
  A giant cockroach (D:1)
  3 hobgoblins (D:1)
  3 bats (D:1)
  2 giant newts (D:1)
  4 goblins (D:1)
  A kobold (D:1)
  8 rats (D:1)
26 creatures vanquished.

Notes
Turn   | Place    | Note
--------------------------------------------------------------
     0 | D:1      | gw the Gargoyle Gladiator began the quest for the Orb.
     0 | D:1      | Reached XP level 1. HP: 12/12 MP: 1/1
   292 | D:1      | Reached XP level 2. HP: 17/17 MP: 2/2
   912 | D:1      | Reached XP level 3. HP: 22/22 MP: 3/3
  1149 | D:2      | Slain by a gnoll

Action                   || total
-------------------------++-------
Melee: Flail             ||    96
Throw: Stone             ||     5
  Use: Scroll            ||     4
       Potion            ||     2
  Eat: Chunk             ||     1

Vault maps used:
D:1:      dpeg_arrival_pits, roderic_lattice_a
D:2:      uniq_sigmund
